 Dungeon Crawl Stone Soup version 0.20-a0-681-gf83e07f (webtiles) character file.

97 polly the Slasher (level 4, -3/33 HPs)
             Began as a Demonspawn Gladiator on Feb 18, 2017.
             Killed by divine providence
             ... invoked by an orc priest
              (10 damage)
             ... on level 3 of the Dungeon.
             The game lasted 00:01:19 (1434 turns).

polly the Slasher (Demonspawn Gladiator)            Turns: 1434, Time: 00:01:20

Health: -3/33      AC:  4    Str: 15    XL:     4   Next: 42%
Magic:  4/4        EV: 13    Int: 10    God:
Gold:   123        SH:  0    Dex: 14    Spells: 3/3 levels left

rFire    . . .     SeeInvis .   a - +0 long sword
rCold    . . .     Gourm    .   b - +0 leather armour
rNeg     . . .     Faith    .   (no shield)
rPois    .         Spirit   .   c - +0 helmet
rElec    .         Reflect  .   (no cloak)
rCorr    .         Harm     .   (no gloves)
MR       .....                  (no boots)
Stlth    +.........             (no amulet)
Regen    0.2/turn               (no ring)
MPRegen  0.1/turn               (no ring)

@: no status effects
A: sturdy frame 2
a: no special abilities


You were on level 3 of the Dungeon.
You were not hungry.

You visited 1 branch of the dungeon, and saw 3 of its levels.

You collected 123 gold pieces.

Inventory:

Hand Weapons
 a - a +0 long sword (weapon)
Missiles
 d - 3 throwing nets (quivered)
Armour
 b - a +0 leather armour (worn)
 c - a +0 helmet (worn)
Jewellery
 q - an uncursed ring of protection from cold {unknown}
Wands
 p - a wand of iceblast (5/15)
Scrolls
 e - 2 scrolls of recharging {unknown}
 g - 2 scrolls of remove curse {unknown}
 i - 2 scrolls of enchant armour {unknown}
 j - a scroll of fear {unknown}
 n - 3 scrolls of identify {unknown}
Potions
 h - 2 potions of degeneration {unknown}
 k - a potion of lignification {unknown}
 m - a potion of curing {unknown}
 o - a potion of haste {unknown}
Comestibles
 f - 3 bread rations
 l - 4 fruits


   Skills:
 + Level 2.2 Fighting
 + Level 3.6 Long Blades
 + Level 1.8 Throwing
 + Level 1.4 Armour
 + Level 3.3 Dodging
 + Level 0.6 Stealth


You had 3 spell levels left.
You didn't know any spells.

Dungeon Overview and Level Annotations

Branches:
Dungeon (3/15)

Altars:
Ru
Sif Muna


Innate Abilities, Weirdness & Mutations

Your movements are less encumbered by armour. (ER -4)


Message History

Beogh smites you!
* * * LOW HITPOINT WARNING * * *
The jackal closely misses you.
You slash the jackal!
You kill the jackal!
The jackal barely misses you.
You barely miss the jackal.
The jackal bites you but does no damage.
The jackal closely misses you.
You riposte.
You barely miss the jackal. You hit the jackal.
The jackal is severely wounded.
The jackal closely misses you.
You hit the jackal.
You kill the jackal!
The orc priest looks satisfied for a moment.
You hit the orc priest.
The orc priest is lightly wounded.
The orc priest mumbles some strange prayers to Beogh against you.
Beogh smites you!
You die...

########.........#
.........#######.#
.....##### #.#
####.# #.# #.# #.#
#.# #######.####
#.. .......#...#
### #######.##.#
#@# # #o# #...o?#
#...[....
#...%..#..#
#.....#.###
#........
#.....#..
.....##...


You could see an orc priest and an orc.

Vanquished Creatures
  An orc wizard (D:3)
  An adder (D:2)
  An ooze (D:2)
  A worm (D:2)
  2 dart slugs (D:1)
  3 orcs (D:3)
  3 ball pythons
  A giant cockroach (D:2)
  3 goblins (D:3)
  3 hobgoblins
  9 jackals
  A quokka (D:3)
  6 bats
  4 kobolds
  2 rats (D:1)
41 creatures vanquished.

Notes
Turn   | Place    | Note
-------+----------+-------------------------------------------
     0 | D:1      | polly the Demonspawn Gladiator began the quest for the Orb.
     0 | D:1      | Reached XP level 1. HP: 16/16 MP: 1/1
   155 | D:1      | Gained mutation: Your movements are slightly less encumbered by armour. (ER -2) [demonic ancestry]
   155 | D:1      | Reached XP level 2. HP: 22/22 MP: 2/2
   699 | D:2      | Gained mutation: Your movements are less encumbered by armour. (ER -4) [demonic ancestry]
   699 | D:2      | Reached XP level 3. HP: 18/27 MP: 3/3
  1003 | D:2      | Found a deep blue altar of Sif Muna.
  1238 | D:3      | Reached skill level 1 in Armour
  1249 | D:3      | Found a faded altar of an unknown god.
  1258 | D:3      | Found a sacrificial altar of Ru.
  1280 | D:3      | Reached XP level 4. HP: 25/33 MP: 4/4
  1434 | D:3      | Killed from afar by an orc priest

Vault maps used:
D:1:      co_arrival_square_in_a_square_in_a_square
D:2:      first_bread, serial_curves, eino_curves_03, eino_curves_04,
          lemuel_blue_sif_altar
D:3:      elyvilon_altar_4, nicolae_ru_great_annihilating_truth,
          lemuel_crystal_altar, chequers_ecumenical_altar_island,
          tgw_kikubaaqudgha

Skill      XL: |  1  2  3 |
---------------+----------+-----
Dodging        | 3 |  3.3
Long Blades    | 3 |  3.6
Armour         | 1 |  1.4
Fighting       | |  2.2
Throwing       | |  1.8
Stealth        | |  0.6

Action                   |  1- 3 |  4- 6 || total
-------------------------+-------+-------++-------
Melee: Long sword        |    91 |    24 ||   115
 Stab: Paralysed         |     1 |       ||     1
  Eat: Chunk             |     1 |     1 ||     2
Armor: Leather armour    |    33 |     4 ||    37
Dodge: Dodged            |    97 |    17 ||   114
       Rpst.: Long sword |    33 |     6 ||    39
